 Dungeon Crawl Stone Soup version 0.26-a0-652-gafc20e3620 (webtiles) character file.

Game seed: 12249319526888779955

14583 Gargoyl the Fighter (level 12, -2/97 HPs)
             Began as a Gnoll Abyssal Knight on Oct 2, 2020.
             Was a High Priest of Lugonu.
             Slain by a yak (9 damage)
             ... on level 2 of the Lair of Beasts.
             The game lasted 00:18:38 (11788 turns).

Gargoyl the Fighter (Gnoll Abyssal Knight)         Turns: 11788, Time: 00:18:38

Health: -2/97      AC: 18    Str: 27    XL:     12   Next: 18%
Magic:  22/22      EV: 13    Int: 14    God:    Lugonu [*****.]
Gold:   576        SH:  0    Dex: 14    Spells: 25/25 levels left

rFire    . . .     SeeInvis +   H - +5 hand axe (freeze) (curse)
rCold    . . .     Faith    .   (no shield)
rNeg     . . .     Spirit   .   D - +0 chain mail
rPois    .         Reflect  .   h - +2 helmet
rElec    .         Harm     .   c - +1 cloak
rCorr    .         Rampage  .   z - +0 pair of gloves
MR       .....                  (no boots)
Stlth    ..........             n - amulet of regeneration
HPRegen  0.66/turn              b - +6 ring of strength
MPRegen  0.18/turn              C - ring of see invisible

@: lethally poisoned (-2 -> -2)
A: distributed training, fangs 1, strong nose
a: Depart the Abyss, Bend Space, Banish, Corrupt, Enter the Abyss, Renounce
Religion


You were on level 2 of the Lair of Beasts.
You worshipped Lugonu.
Lugonu was extremely pleased with you.
You visited 2 branches of the dungeon, and saw 11 of its levels.
You visited the Abyss 1 time.

You collected 576 gold pieces.

Inventory:

Hand Weapons
 a - a +1 hand axe
 w - a +4 war axe
 A - the +10 quarterstaff of Saltpetre {vorpal, rF+}
   (You found it on level 6 of the Dungeon)

   It inflicts extra damage upon your enemies.
   It protects you from fire.
 H - a cursed +5 hand axe of freezing (weapon)
Missiles
 j - 16 poisoned darts (quivered)
 t - 6 atropa-tipped darts
Armour
 c - a +1 cloak (worn)
 h - a +2 helmet (worn)
 z - a +0 pair of gloves (worn)
 D - a +0 chain mail (worn)
Jewellery
 b - a +6 ring of strength (left hand)
 n - an amulet of regeneration (around neck)
 C - a ring of see invisible (right hand)
Wands
 m - a wand of iceblast (4)
 B - a wand of disintegration (33)
 F - a wand of flame (8)
Scrolls
 g - 6 scrolls of teleportation
 k - 5 scrolls of remove curse
 l - 5 scrolls of immolation
 r - 2 scrolls of fear
 u - 6 scrolls of identify
 v - a scroll of blinking
 y - 2 scrolls of noise
 E - a scroll of magic mapping
 G - a scroll of fog
Potions
 d - 3 potions of invisibility
 e - a potion of magic
 f - a potion of resistance
 i - 3 potions of haste
 o - 3 potions of brilliance
 p - 2 potions of flight
 q - 5 potions of curing
 s - a potion of lignification
 x - a potion of heal wounds


   Skills:
 + Level 9.6 Fighting
 + Level 7.0 Short Blades
 + Level 7.0 Long Blades
 + Level 8.5 Axes
 + Level 7.0 Maces & Flails
 + Level 7.0 Polearms
 + Level 7.0 Staves
 + Level 7.0 Slings
 + Level 7.0 Bows
 + Level 7.0 Crossbows
 + Level 7.0 Throwing
 + Level 8.5 Armour
 + Level 7.5 Dodging
 + Level 7.0 Stealth
 + Level 7.0 Shields
 + Level 7.0 Unarmed Combat
 + Level 7.0 Spellcasting
 + Level 5.8 Conjurations
 + Level 5.8 Hexes
 + Level 5.8 Summonings
 + Level 5.8 Necromancy
 + Level 5.8 Translocations
 + Level 5.8 Transmutations
 + Level 5.8 Fire Magic
 + Level 5.8 Ice Magic
 + Level 5.8 Air Magic
 + Level 5.8 Earth Magic
 + Level 5.8 Poison Magic
 + Level 9.0 Invocations
 + Level 7.0 Evocations


You had 25 spell levels left.
You didn't know any spells.
Your spell library contained the following spells:

 Spells                   Type           Power        Failure   Level
 Animate Skeleton         Necr           ###...       6%          1
 Apportation              Tloc           ###...       6%          1
 Corona                   Hex            ###....      6%          1
 Summon Small Mammal      Summ           ###.         6%          1


Dungeon Overview and Level Annotations

Branches:
Dungeon (9/15)             Temple (0/1) D:4            Lair (2/6) D:8
 Spider (0/4) Lair:2
  Swamp: Lair:2-4    Shoals: Lair:2-4       Orc: D:9-12

Altars:
Cheibriados
Dithmenos
Elyvilon
Hepliaklqana
Makhleb
Nemelex Xobeh
Okawaru
Sif Muna
Wu Jian
Yredelemnul
The Shining One

Shops:
D:5 *

Annotations:
Lair:2 3 runed translucent doors, Iguemp's ghost, journeyman GrFE; Rarufug's ghost, journeyman PaAK; Tapp's ghost, journeyman TeFE


Innate Abilities, Weirdness & Mutations

Your experience applies equally to all skills.
You have very sharp teeth.
Your uncanny sense of smell can sniff out nearby items.


Message History

Unknown command.
You barely miss the yak.
The yak is severely wounded.
You hit the blink frog.
The blink frog seems to slow down.
You freeze the blink frog.
You kill the blink frog!
Lugonu accepts your kill. The yak gores you but does no damage.
You slash the yak! You freeze the yak. You bite the yak, but do no damage.
The yak is almost dead.
You feel sick.
A yak comes into view.
The yak gores you!
* * * LOW HITPOINT WARNING * * *
A yak comes into view.
You barely miss the yak.
The yak is almost dead.
The yak bellows! x2
The yak gores you!
You die...

## ### P###P###.######## #..#.
....... ........................
......#####.............
.....#.. ...#............@###..#
#...#.#
................#Y#..#####......
...........#.....#YY....#....#
...#.......#.....#YY....(....#
...........+.........Y.......#
†..#.......#............#....##
.††#................######..>.#
...###.P..##....###.####.#...##
....................†..S§....#


You could see 6 yaks.

Vanquished Creatures
  2 two-headed ogres
  A black mamba (Lair:2)
  3 cane toads (Lair:2)
  3 komodo dragons
  A hornet (Lair:2)
  Prince Ribbit (D:9)
  6 blink frogs
  5 hippogriffs
  Sigmund (D:4)
  A wyvern (Lair:2)
  10 yaks
  2 basilisks
  4 water moccasins
  10 porcupines
  An orc warrior (D:8)
  3 sky beasts
  4 ice beasts
  5 ogres
  A black bear (D:4)
  2 phantoms
  A wolf (Lair:1)
  3 centaurs
  5 crocodiles
  6 bullfrogs
  6 scorpions
  6 killer bees (D:9)
  13 wights
  4 howler monkeys
  2 bullfrog zombies
  2 centaur zombies (D:5)
  6 bullfrog skeletons
  2 hounds
  3 jellies
  3 centaur skeletons
  10 orc wizards
  A gnoll shaman (D:7)
  3 iguanas
  9 worker ants
  A killer bee zombie (D:9)
  A hound skeleton (D:6)
  6 gnolls
  14 adders
  A shadow imp (D:7)
  5 white imps
  An ufetubus (Abyss:1)
  3 oozes
  An adder skeleton (D:6)
  7 worms
  2 dart slugs
  5 leopard geckos
  47 orcs
  A ball python (D:4)
  6 bats
  3 giant cockroaches
  9 goblins
  6 hobgoblins
  15 jackals
  6 kobolds
  3 quokkas
  2 frilled lizards
  A leopard gecko skeleton (D:4)
  A quokka skeleton (D:5)
  5 rats
303 creatures vanquished.

Vanquished Creatures (collateral kills)
  A komodo dragon (Lair:1)
  A water moccasin (Lair:1)
2 creatures vanquished.

Vanquished Creatures (others)
  A bush (D:8)
  14 fungi
  26 plants
41 creatures vanquished.

Grand Total: 346 creatures vanquished

Notes
Turn   | Place    | Note
-------+----------+-------------------------------------------
     0 | Abyss:1  | Gargoyl the Gnoll Abyssal Knight began the quest for the
                  | Orb.
     0 | Abyss:1  | Reached XP level 1. HP: 23/23 MP: 3/3
    33 | Abyss:1  | Found a corrupted altar of Lugonu.
   458 | Abyss:1  | Found a corrupted altar of Lugonu.
   477 | Abyss:1  | Noticed a large abomination
   488 | Abyss:1  | Noticed a smoke demon
   492 | Abyss:1  | HP: 1/23 [smoke demon/ball of steam (8)]
   494 | D:1      | Escaped the Abyss
   827 | D:1      | Reached XP level 2. HP: 29/29 MP: 5/5
  1367 | D:2      | Reached XP level 3. HP: 27/35 MP: 6/6
  1886 | D:2      | Reached * piety under Lugonu
  2031 | D:2      | Reached skill level 1 in Short Blades
  2031 | D:2      | Reached skill level 1 in Long Blades
  2031 | D:2      | Reached skill level 1 in Maces & Flails
  2031 | D:2      | Reached skill level 1 in Polearms
  2031 | D:2      | Reached skill level 1 in Staves
  2031 | D:2      | Reached skill level 1 in Slings
  2031 | D:2      | Reached skill level 1 in Bows
  2031 | D:2      | Reached skill level 1 in Crossbows
  2031 | D:2      | Reached skill level 1 in Throwing
  2031 | D:2      | Reached skill level 1 in Stealth
  2031 | D:2      | Reached skill level 1 in Shields
  2031 | D:2      | Reached skill level 1 in Unarmed Combat
  2031 | D:2      | Reached skill level 1 in Spellcasting
  2031 | D:2      | Reached skill level 1 in Evocations
  2393 | D:2      | Reached XP level 4. HP: 40/41 MP: 7/7
  2657 | D:3      | Reached skill level 1 in Conjurations
  2657 | D:3      | Reached skill level 1 in Hexes
  2657 | D:3      | Reached skill level 1 in Summonings
  2657 | D:3      | Reached skill level 1 in Necromancy
  2657 | D:3      | Reached skill level 1 in Translocations
  2657 | D:3      | Reached skill level 1 in Transmutations
  2657 | D:3      | Reached skill level 1 in Fire Magic
  2657 | D:3      | Reached skill level 1 in Ice Magic
  2657 | D:3      | Reached skill level 1 in Air Magic
  2657 | D:3      | Reached skill level 1 in Earth Magic
  2657 | D:3      | Reached skill level 1 in Poison Magic
  3038 | D:3      | Reached ** piety under Lugonu
  3040 | D:3      | Found a burning altar of Makhleb.
  3041 | D:3      | Reached XP level 5. HP: 32/47 MP: 8/8
  3562 | D:3      | Found a glowing golden altar of the Shining One.
  3617 | D:3      | Found an iron altar of Okawaru.
  3852 | D:3      | Reached skill level 5 in Invocations
  3852 | D:3      | Reached XP level 6. HP: 3/53 MP: 9/9
  4357 | D:4      | Reached skill level 5 in Axes
  4357 | D:4      | Reached skill level 5 in Armour
  4362 | D:4      | Noticed Sigmund
  4392 | D:4      | Killed Sigmund
  4392 | D:4      | Reached XP level 7. HP: 29/59 MP: 10/10
  4726 | D:4      | Found a staircase to the Ecumenical Temple.
  5719 | D:5      | Entered Level 5 of the Dungeon
  5742 | D:5      | Reached *** piety under Lugonu
  5883 | D:5      | Found an ornate altar of the Wu Jian Council.
  5943 | D:5      | Reached XP level 8. HP: 61/67 MP: 12/12
  7038 | D:5      | Found Rolyth's General Store.
  7462 | D:6      | Reached XP level 9. HP: 72/72 MP: 14/14
  7505 | D:6      | Found a basalt altar of Yredelemnul.
  7790 | D:6      | Found a shadowy altar of Dithmenos.
  7844 | D:6      | Got an ancient quarterstaff
  7845 | D:6      | Identified the +10 quarterstaff of Saltpetre {vorpal, rF+}
                  | (You found it on level 6 of the Dungeon)
  7976 | D:6      | Reached **** piety under Lugonu
  8151 | D:7      | Found a shimmering blue altar of Sif Muna.
  8151 | D:7      | Found a white marble altar of Elyvilon.
  8151 | D:7      | Found a sparkling altar of Nemelex Xobeh.
  8169 | D:7      | Found a snail-covered altar of Cheibriados.
  8192 | D:7      | Reached skill level 5 in Dodging
  8823 | D:8      | Reached XP level 10. HP: 80/80 MP: 17/17
  8982 | D:8      | Reached skill level 5 in Short Blades
  8982 | D:8      | Reached skill level 5 in Long Blades
  8982 | D:8      | Reached skill level 5 in Maces & Flails
  8982 | D:8      | Reached skill level 5 in Polearms
  8982 | D:8      | Reached skill level 5 in Staves
  8982 | D:8      | Reached skill level 5 in Slings
  8982 | D:8      | Reached skill level 5 in Bows
  8982 | D:8      | Reached skill level 5 in Crossbows
  8982 | D:8      | Reached skill level 5 in Throwing
  8982 | D:8      | Reached skill level 5 in Stealth
  8982 | D:8      | Reached skill level 5 in Shields
  8982 | D:8      | Reached skill level 5 in Unarmed Combat
  8982 | D:8      | Reached skill level 5 in Spellcasting
  8982 | D:8      | Reached skill level 5 in Evocations
  9012 | D:8      | Found a staircase to the Lair.
  9274 | D:8      | Noticed a two-headed ogre
  9284 | D:8      | Killed a two-headed ogre
  9634 | D:8      | Reached XP level 11. HP: 57/87 MP: 19/19
  9873 | D:9      | Noticed a two-headed ogre
  9883 | D:9      | Killed a two-headed ogre
  9885 | D:9      | Reached ***** piety under Lugonu
  9920 | D:9      | Found a hazy altar of Hepliaklqana.
  9984 | D:9      | Reached skill level 5 in Conjurations
  9984 | D:9      | Reached skill level 5 in Hexes
  9984 | D:9      | Reached skill level 5 in Summonings
  9984 | D:9      | Reached skill level 5 in Necromancy
  9984 | D:9      | Reached skill level 5 in Translocations
  9984 | D:9      | Reached skill level 5 in Transmutations
  9984 | D:9      | Reached skill level 5 in Fire Magic
  9984 | D:9      | Reached skill level 5 in Ice Magic
  9984 | D:9      | Reached skill level 5 in Air Magic
  9984 | D:9      | Reached skill level 5 in Earth Magic
  9984 | D:9      | Reached skill level 5 in Poison Magic
 10584 | D:9      | Noticed Prince Ribbit
 10592 | D:9      | Killed Prince Ribbit
 10627 | Lair:1   | Entered Level 1 of the Lair of Beasts
 11546 | Lair:2   | Found a hole to the Spider Nest.
 11648 | Lair:2   | Reached XP level 12. HP: 81/96 MP: 22/22
 11715 | Lair:2   | Found a runed translucent gate.
 11715 | Lair:2   | Found a runed translucent gate.
 11715 | Lair:2   | Found a runed translucent gate.
 11715 | Lair:2   | Noticed Tapp's ghost (journeyman TeFE)
 11716 | Lair:2   | Noticed Iguemp's ghost (journeyman GrFE)
 11716 | Lair:2   | Noticed Rarufug's ghost (journeyman PaAK)
 11718 | Lair:2   | Found the +7 Singing Sword {vorpal, sonic wave}
 11788 | Lair:2   | Slain by a yak

Illustrated notes

Levels and vault maps discovered:
D:1:      dpeg_arrival_orchard, layout_loops_cross
D:2:      layout_basic, kennysheep_generic_room_12
D:3:      layout_loops_ring, marbit_many_paths, tso_oasis_becter,
          overflow_temple_1_default
D:4:      black_bear_nest_2, layout_cave_pools,
          minmay_temple_entry_statues_fountains, uniq_sigmund
D:5:      cheibrodos_helix_gallery, layout_basic, kennysheep_mini_moat,
          serial_shops, kennysheep_mini
D:6:      layout_loops_ring, kennysheep_little_box, lemuel_doored_altar,
          minmay_misc_feat_tiny, amethyst_killhole
D:7:      layout_rooms, chequers_temple_overflow_statue_of_worship
D:8:      layout_basic, minmay_lair_entry_grove
D:9:      layout_basic, lemuel_coloured_pillars_altar, uniq_prince_ribbit1
Lair:1:   layout_cave_shapes, beast_lair_carwin_2, lemuel_fruit_tree
Lair:2:   layout_regular_city, nicolae_spider_entry_non_spiders,
          gammafunk_ghost_cemetery, hibernation_bobbens, lemuel_fruit_fields,
          serial_bayou_shore_b, infiniplex_staircase_pool, uniq_urug

Skill      XL: |  1  2  3  4  5  6  7  8  9 10 11 12 |
---------------+-------------------------------------+-----
Short Blades   | 1 2 3 4 5 6 7 |  7.0
Long Blades    | 1 2 3 4 5 6 7 |  7.0
Maces & Flails | 1 2 3 4 5 6 7 |  7.0
Polearms       | 1 2 3 4 5 6 7 |  7.0
Staves         | 1 2 3 4 5 6 7 |  7.0
Slings         | 1 2 3 4 5 6 7 |  7.0
Bows           | 1 2 3 4 5 6 7 |  7.0
Crossbows      | 1 2 3 4 5 6 7 |  7.0
Throwing       | 1 2 3 4 5 6 7 |  7.0
Stealth        | 1 2 3 4 5 6 7 |  7.0
Shields        | 1 2 3 4 5 6 7 |  7.0
Unarmed Combat | 1 2 3 4 5 6 7 |  7.0
Spellcasting   | 1 2 3 4 5 6 7 |  7.0
Evocations     | 1 2 3 4 5 6 7 |  7.0
Conjurations   | 1 2 3 4 5 |  5.8
Hexes          | 1 2 3 4 5 |  5.8
Summonings     | 1 2 3 4 5 |  5.8
Necromancy     | 1 2 3 4 5 |  5.8
Translocations | 1 2 3 4 5 |  5.8
Transmutations | 1 2 3 4 5 |  5.8
Fire Magic     | 1 2 3 4 5 |  5.8
Ice Magic      | 1 2 3 4 5 |  5.8
Air Magic      | 1 2 3 4 5 |  5.8
Earth Magic    | 1 2 3 4 5 |  5.8
Poison Magic   | 1 2 3 4 5 |  5.8
Dodging        | 3 4 5 6 7 |  7.5
Invocations    | 5 6 7 8 9 |  9.0
Axes           | 5 6 7 8 |  8.5
Armour         | 5 6 7 8 |  8.5
Fighting       | 7 8 9 |  9.6

Action                   |  1- 3 |  4- 6 |  7- 9 | 10-12 || total
-------------------------+-------+-------+-------+-------++-------
Melee: Hand axe          |    90 |   160 |   289 |    13 ||   552
       Bite              |     6 |    21 |    68 |    42 ||   137
       Punch             |       |       |     9 |     1 ||    10
       War axe           |       |       |    36 |       ||    36
       Quarterstaff      |       |       |    97 |   317 ||   414
Throw: Dart              |    10 |       |     1 |    62 ||    73
Invok: Depart the Abyss  |     1 |       |       |       ||     1
  Use: Scroll            |     3 |       |    20 |     2 ||    25
       Potion            |     1 |     3 |     1 |     4 ||     9
 Stab: Invisible         |       |     1 |       |       ||     1
       Sleeping          |       |       |     3 |       ||     3
       Distracted        |       |       |     1 |       ||     1
Armor: Ring mail         |    50 |    81 |   139 |       ||   270
       Chain mail        |       |       |    55 |   167 ||   222
Dodge: Dodged            |    67 |   150 |   227 |   207 ||   651

Table legend: (Time is in decaauts)
 A = Elapsed time spent in this place.
 B = Non-inter-level travel time spent in this place.
 C = Inter-level travel time spent in this place.
 D = Time resting spent in this place.
 E = Time spent auto-exploring this place.
 F = Levels seen in this place.
 G = Mean time per level.
                   A        B        C        D        E       F      G
               +--------+--------+--------+--------+--------+-----+--------+
         Total |  11815 |  11404 |    411 |   1962 |   6843 |  12 |  984.6 |
       Dungeon |  10177 |   9778 |    399 |   1749 |   5846 |   9 | 1130.8 |
          Lair |   1142 |   1131 |     11 |    213 |    580 |   2 |  571.0 |
         Abyss |    495 |    495 |      0 |      0 |    417 |   1 |  495.0 |
               +--------+--------+--------+--------+--------+-----+--------+

Top non-repeatable levels by time:
     D:3: 2035 daAuts
     D:5: 1643 daAuts
     D:4: 1162 daAuts
     D:2: 1126 daAuts
     D:8: 1083 daAuts
     D:1: 924 daAuts
     D:9: 811 daAuts
  Lair:1: 748 daAuts
     D:6: 738 daAuts
     D:7: 651 daAuts
 Abyss:1: 495 daAuts
  Lair:2: 394 daAuts
